 Dungeon Crawl Stone Soup version 0.17.0-24-gcfadda4 (console) character file.

550 Kloppie the Bolt Thrower (level 7, -8/62 HPs)
             Began as a Centaur Hunter on Nov 16, 2015.
             Killed by divine providence
             ... invoked by an orc priest
              (16 damage)
             ... on level 5 of the Dungeon.
             The game lasted 00:10:23 (6004 turns).

Kloppie the Bolt Thrower (Centaur Hunter)           Turns: 6004, Time: 00:10:23

Health: -8/62      AC:  5    Str: 16    XL:     7   Next: 7%
Magic:  7/7        EV:  9    Int: 10    God:
Gold:   228        SH:  0    Dex: 10    Spells: 0 memorised, 6 levels left

rFire  . . .     SeeInvis .     b - +0 quarterstaff
rCold  . . .     Clarity  .     d - +1 leather armour
rNeg   . . .     SustAt   .     (shield currently unavailable)
rPois  +         Gourm    .     (no helmet)
rElec  .         Spirit   .     (no cloak)
rCorr  .         Warding  .     (no gloves)
rMut   .         Stasis   .     (no barding)
MR     .....                    (no amulet)
Stlth  ++........               x - ring of stealth
                                n - ring of poison resistance

@: very quick, not resistant to hostile enchantments, unstealthy
A: hooves 3, deformed body, speed 2, tough skin 3
a: no special abilities


You were on level 5 of the Dungeon.
You were very hungry.

You visited 1 branch of the dungeon, and saw 5 of its levels.

You collected 228 gold pieces.

Inventory:

Hand Weapons
 a - a +2 hand crossbow
 b - a +0 quarterstaff (weapon)
 p - the cursed +1 short sword of Objectivity {elec, SInv, unknown}
   (You found it on level 4 of the Dungeon)

   Occasionally, upon striking a foe, it will discharge some electrical energy
   and cause terrible harm.
   It lets you see invisible.
   It has a curse placed upon it.
Missiles
 c - 13 bolts
Armour
 d - a +1 leather armour (worn)
Jewellery
 n - a ring of poison resistance (left hand)
 s - a +5 ring of dexterity
 x - a ring of stealth (right hand)
Wands
 r - a wand of teleportation (9)
 y - a wand of paralysis (19)
Scrolls
 f - a scroll of blinking {unknown}
 j - 3 scrolls of enchant armour
 m - a scroll of recharging
 o - 2 scrolls of teleportation
Potions
 h - 3 potions of curing
 i - 2 potions of flight
 q - 2 potions of brilliance {unknown}
 t - 2 potions of heal wounds {unknown}
 u - a potion of agility {unknown}
Comestibles
 e - 6 bread rations
 g - 3 fruits
 k - a beef jerky
 l - a slice of pizza
 v - 3 meat rations


   Skills:
 + Level 5.7 Fighting
 + Level 7.2 Crossbows
 - Level 1.3 Dodging
 - Level 0.5 Stealth


You had 6 spell levels left.
You didn't know any spells.

Dungeon Overview and Level Annotations

Branches:
Dungeon (5/15)
 Temple: D:4-7

Altars:
Gozag
Kikubaaqudgha
Qazlal
Sif Muna
Vehumet
Zin


Innate Abilities, Weirdness & Mutations

You have hooves in place of feet.
Armour fits poorly on your strangely shaped body.
You cover ground very quickly.
You have extremely tough skin (AC +3).


Message History

* * * LOW HITPOINT WARNING * * *
The orc priest looks braver for a moment.
The orc priest calls upon Beogh to heal the orc priest.
The orc priest is healed somewhat.
You hit the orc priest. You kick the orc priest.
The orc priest is lightly wounded.
The orc priest completely misses you. The orc priest hits you with a whip.
* * * LOW HITPOINT WARNING * * *
You closely miss the orc priest.
The orc priest is lightly wounded.
The orc priest hits you but does no damage.
The orc priest looks braver for a moment.
You barely miss the orc priest. You kick the orc priest.
The orc priest is moderately wounded.
The orc priest calls upon Beogh to heal the orc priest.
The orc priest's wounds heal themselves!
The orc priest barely misses you.
The orc priest calls down the wrath of Beogh upon you.
Something smites you!
You die...

.....###.#.#.###.#
####.#...#.#...#.#
#.#.###.###.#.#
#.............#
#######.#######
#######.# ####
........# ...
........####.#
..#.##..#..@o# #
#....##o# #.....#
..o .........#
##.# #.####..###
.# #..# # #..#
...# ##...


You could see 2 orc priests and an orc.

Vanquished Creatures
  An ogre (D:4)
  A centaur (D:5)
  A scorpion (D:4)
  A hound (D:3)
  An orc wizard (D:5)
  Natasha (thrice) (D:4)
  An iguana (D:5)
  A worker ant (D:4)
  A hound skeleton (D:5)
  9 adders
  5 worms
  6 giant geckos
  7 orcs
  8 giant cockroaches
  7 goblins
  7 hobgoblins
  4 jackals (D:3)
  12 kobolds
  3 quokkas
  10 bats
  10 giant newts
  7 rats
106 creatures vanquished.

Notes
Turn   | Place    | Note
--------------------------------------------------------------
     0 | D:1      | Kloppie the Centaur Hunter began the quest for the Orb.
     0 | D:1      | Reached XP level 1. HP: 17/17 MP: 1/1
   171 | D:1      | Reached XP level 2. HP: 4/25 MP: 2/2
   999 | D:1      | Reached XP level 3. HP: 27/31 MP: 3/3
  1415 | D:1      | Reached skill level 5 in Crossbows
  1676 | D:2      | Found a faded altar to an unknown god.
  1877 | D:2      | Reached XP level 4. HP: 12/38 MP: 4/4
  2185 | D:2      | Found an ancient bone altar of Kikubaaqudgha.
  2187 | D:2      | Found a deep blue altar of Sif Muna.
  2189 | D:2      | Found a glowing silver altar of Zin.
  2189 | D:2      | Found an opulent altar of Gozag.
  3581 | D:4      | Reached XP level 5. HP: 34/46 MP: 5/5
  3657 | D:4      | Reached skill level 6 in Crossbows
  3675 | D:4      | Noticed Natasha
  3687 | D:4      | Killed Natasha
  3728 | D:4      | Noticed Natasha
  3735 | D:4      | Killed Natasha
  3880 | D:4      | Noticed Natasha
  3883 | D:4      | Killed Natasha
  3991 | D:4      | Reached XP level 6. HP: 28/53 MP: 6/6
  4145 | D:4      | Noticed an ogre
  4555 | D:4      | Killed an ogre
  4555 | D:4      | Reached skill level 5 in Fighting
  4920 | D:4      | Found a stormy altar of Qazlal.
  4920 | D:4      | Found a radiant altar of Vehumet.
  4975 | D:4      | Got an ichor-stained short sword
  5487 | D:5      | Entered Level 5 of the Dungeon
  5671 | D:5      | Reached skill level 7 in Crossbows
  5973 | D:5      | Reached XP level 7. HP: 59/62 MP: 7/7
  6004 | D:5      | Killed from afar by an orc priest

Action                   |  1- 3 |  4- 6 |  7- 9 || total
-------------------------+-------+-------+-------++-------
Melee: Short sword       |   120 |    45 |       ||   165
       Dagger            |       |    92 |       ||    92
       Quarterstaff      |       |    81 |    10 ||    91
 Fire: Hand crossbow     |    40 |    28 |       ||    68
  Use: Scroll            |       |     8 |       ||     8
 Stab: Distracted        |       |     1 |       ||     1
  Eat: Chunk             |     1 |    11 |       ||    12
